 Dungeon Crawl Stone Soup version 0.21.0-24-g2553a33 (webtiles) character file.

526 Monsterracer the Bolt Thrower (level 7, -2/61 HPs)
             Began as a Deep Dwarf Arcane Marksman on Jan 20, 2018.
             Was a Believer of Elyvilon.
             Slain by an orc priest
             ... wielding a +0 flail
              (6 damage)
             ... on level 4 of the Dungeon.
             The game lasted 00:10:27 (2619 turns).

Monsterracer the Bolt Thrower (DDAM)                Turns: 2619, Time: 00:10:28

Health: -2/61      AC:  8    Str: 15    XL:     7   Next: 2%
Magic:  9/10       EV: 10    Int: 14    God:    Elyvilon [**....]
Gold:   128        SH:  0    Dex: 13    Spells: 8/8 levels left

rFire    . . .     SeeInvis .   a - +0 hand crossbow
rCold    + . .     Gourm    .   (no shield)
rNeg     . . .     Faith    .   s - +2 scale mail {rC+}
rPois    .         Spirit   .   (no helmet)
rElec    .         Reflect  .   (no cloak)
rCorr    .         Harm     .   (no gloves)
MR       +....                  (no boots)
Stlth    ..........             (no amulet)
HPRegen  0.00/turn              (no ring)
MPRegen  0.12/turn              (no ring)

@: non-regenerating
A: damage resistance, heal wounds, sense surroundings 1, no regeneration
a: Heal Wounds, Lesser Healing, Heal Other, Divine Protection, Renounce Religion


You were on level 4 of the Dungeon.
You worshipped Elyvilon.
Elyvilon was pleased with you.
You were hungry.

You visited 1 branch of the dungeon, and saw 4 of its levels.

You collected 128 gold pieces.

Inventory:

Hand Weapons
 a - a +0 hand crossbow (weapon)
 b - a +1 war axe
Missiles
 d - 33 bolts (quivered)
Armour
 s - a +2 scale mail of cold resistance (worn)
Wands
 q - a wand of flame (12)
Scrolls
 m - a scroll of enchant weapon
 n - a scroll of amnesia
 o - 2 scrolls of remove curse
Potions
 e - 4 potions of agility
 f - 4 potions of curing
 g - a potion of ambrosia {!q}
 i - a potion of berserk rage {unknown}
 j - a potion of might
 k - 2 potions of haste
Comestibles
 c - 6 rations
 h - 6 chunks of flesh


   Skills:
 + Level 2.8 Fighting
 * Level 2.5 Axes
 * Level 5.4 Crossbows
 - Level 3.4 Dodging
 - Level 1.0 Spellcasting
   Level 2.4 Hexes
 * Level 4.1 Invocations


You had 8 spell levels left.
You didn't know any spells.

Dungeon Overview and Level Annotations

Branches:
Dungeon (4/15)
 Temple: D:4-7

Altars:
Elyvilon
Kikubaaqudgha

Annotations:
D:3 Tovarisch's ghost, amateur MiBe


Innate Abilities, Weirdness & Mutations

You are resistant to damage.
You can heal yourself by infusing magical energy.
You passively map a small area around you.
You do not regenerate.


Message History

Firing (i - inventory):
d - 47 bolts (quivered)
Press: ? - help, Shift-Dir - straight line, f/p - gnoll
Aim: a gnoll (almost dead)
You shoot a bolt. The bolt hits the gnoll!
You kill the gnoll!
Firing (i - inventory):
d - 46 bolts (quivered)
Press: ? - help, Shift-Dir - straight line, f - gnoll
Aim: a gnoll, wielding a spear You shoot a bolt.
The bolt hits the gnoll!
You kill the gnoll!
The orc wizard gestures wildly while chanting.
The orc wizard seems to speed up.
Firing (i - inventory):
d - 45 bolts (quivered)
Press: ? - help, Shift-Dir - straight line, f - orc wizard
Aim: an orc wizard, wielding a dagger and wearing a robe (fast)
You shoot a bolt. The bolt hits the orc wizard!
The orc wizard is heavily wounded.
The orc wizard closely misses you.
Firing (i - inventory):
d - 44 bolts (quivered)
Press: ? - help, Shift-Dir - straight line, f/p - orc wizard
Aim: an orc wizard, wielding a dagger and wearing a robe (heavily wounded, fast)
You shoot a bolt. The bolt misses the orc wizard.
The orc wizard hits you with a dagger.
Firing (i - inventory):
d - 43 bolts (quivered)
Press: ? - help, Shift-Dir - straight line, f/p - orc wizard
Aim: an orc wizard, wielding a dagger and wearing a robe (heavily wounded, fast)
You shoot a bolt.
The bolt hits the orc wizard but does no damage.
The orc wizard is heavily wounded.
The orc wizard completely misses you.
The orc wizard hits you but does no damage.
Firing (i - inventory):
d - 42 bolts (quivered)
Press: ? - help, Shift-Dir - straight line, f/p - orc wizard
Aim: an orc wizard, wielding a dagger and wearing a robe (heavily wounded, fast)
You shoot a bolt. The bolt hits the orc wizard!
You kill the orc wizard!
Your Invocations skill increases to level 4!
An orc wizard comes into view. It is wielding a dagger.
Unknown command.
The orc wizard shouts!
You hear a shout!
The orc wizard casts a spell at you. The magic dart hits you!
You hear a shout!
Items here: ( ) [ †† a dagger; a robe; 3 bolts; an orc corpse; a gnoll corpse Firing (i - inventory):
d - 41 bolts (quivered)
Press: ? - help, Shift-Dir - straight line, f - orc wizard
Aim: an orc wizard, wielding a dagger and wearing a robe You shoot a bolt.
The bolt hits the orc wizard!
The orc wizard is severely wounded.
You hear a shout!
Firing (i - inventory):
d - 40 bolts (quivered)
Press: ? - help, Shift-Dir - straight line, f/p - orc wizard
Aim: an orc wizard, wielding a dagger and wearing a robe (severely wounded)
You shoot a bolt. The bolt closely misses the orc wizard.
The orc wizard casts a spell.
The orc wizard blinks!
Firing (i - inventory):
d - 39 bolts (quivered)
Press: ? - help, Shift-Dir - straight line, f/p - orc wizard
Aim: an orc wizard, wielding a dagger and wearing a robe (severely wounded)
You shoot a bolt. The bolt hits the orc wizard.
The orc wizard is severely wounded.
The orc wizard hits you but does no damage.
An orc priest comes into view. It is wielding a flail.
Firing (i - inventory):
d - 38 bolts (quivered)
Press: ? - help, Shift-Dir - straight line, f/p - orc wizard
Aim: an orc wizard, wielding a dagger and wearing a robe (severely wounded)
You shoot a bolt. The bolt misses the orc wizard.
The orc priest shouts!
The orc wizard hits you but does no damage.
Firing (i - inventory):
d - 37 bolts (quivered)
Press: ? - help, Shift-Dir - straight line, f/p - orc wizard
Aim: an orc wizard, wielding a dagger and wearing a robe (severely wounded)
You shoot a bolt. The bolt hits the orc wizard!
You kill the orc wizard!
You have reached level 7!
You regained 2 hp, and now have 15/61 hp.
Firing (i - inventory):
d - 36 bolts (quivered)
Press: ? - help, Shift-Dir - straight line, f - orc priest
Aim: an orc priest, wielding a flail You shoot a bolt.
The bolt hits the orc priest.
The orc priest is moderately wounded.
The orc priest calls down the wrath of Beogh upon you.
Beogh smites you!
* * * LOW HITPOINT WARNING * * *
You hear a shout!
You take 11 damage, and have 4/61 hp.
Firing (i - inventory):
d - 35 bolts (quivered)
Press: ? - help, Shift-Dir - straight line, f/p - orc priest
Aim: an orc priest, wielding a flail (moderately wounded)
You shoot a bolt. The bolt barely misses the orc priest.
The bolt hits the orc!
You kill the orc!
The orc priest misses you.
Firing (i - inventory):
d - 34 bolts (quivered)
Press: ? - help, Shift-Dir - straight line, f/p - orc priest
Aim: an orc priest, wielding a flail (moderately wounded)
You shoot a bolt. The bolt hits the orc priest.
The orc priest is heavily wounded.
The orc priest hits you with a flail!
You die...

* , ,##.og # #. , , o..
#. #. * , .o., #.##.# *
..g ,, ....., * #.#, ,
....* #.# # #.###..
#.#.#.##
#......###########.......
#(<@o(.(#...((......
#...#####o#.#####.#.#.
##.. #)#.#####.#.#, #..
#)..((o(....#. #..*
###.#####.## . #.. * #.#
###,* #. ... * #.# #.. #.
,, ... #.# #.# * #. #.#
#.# #.


You could see an orc priest and an orc.

Vanquished Creatures
  2 scorpions
  2 hounds (D:3)
  Terence (D:2)
  3 orc wizards (D:4)
  A worker ant (D:4)
  8 gnolls
  5 adders
  An ooze (D:2)
  2 dart slugs
  4 leopard geckos
  14 orcs
  6 bats
  6 giant cockroaches
  8 goblins
  7 hobgoblins
  3 jackals (D:2)
  A quokka (D:2)
  4 frilled lizards
  5 kobolds
  14 rats
97 creatures vanquished.

Notes
Turn   | Place    | Note
-------+----------+-------------------------------------------
     0 | D:1      | Monsterracer the Deep Dwarf Arcane Marksman began the quest for the Orb.
     0 | D:1      | Reached XP level 1. HP: 16/16 MP: 2/2
    48 | D:1      | Reached skill level 1 in Fighting
   165 | D:1      | Reached XP level 2. HP: 25/25 MP: 3/3
   324 | D:1      | Reached skill level 3 in Crossbows
   728 | D:2      | Reached XP level 3. HP: 22/31 MP: 4/4
   849 | D:2      | Found a faded altar of an unknown god.
   867 | D:2      | Became a worshipper of Elyvilon the Healer
   867 | D:2      | Reached * piety under Elyvilon
   994 | D:2      | HP: 15/31 [jackal (1)]
  1105 | D:2      | Noticed a scorpion
  1109 | D:2      | HP: 12/32 [scorpion (3)]
  1110 | D:2      | Killed a scorpion
  1110 | D:2      | Reached skill level 4 in Crossbows
  1110 | D:2      | Reached skill level 1 in Invocations
  1110 | D:2      | Reached XP level 4. HP: 15/39 MP: 5/5
  1145 | D:2      | HP: 14/39 [rat (1)]
  1202 | D:2      | HP: 12/39 [kobold (2)]
  1350 | D:2      | HP: 9/39 [goblin/dagger (3)]
  1353 | D:2      | Reached ** piety under Elyvilon
  1472 | D:2      | Noticed Terence
  1479 | D:2      | Killed Terence
  1479 | D:2      | Reached XP level 5. HP: 23/45 MP: 3/6
  1717 | D:3      | HP: 10/45 [orc priest/divine providence (13)]
  1758 | D:2      | HP: 8/45 [orc/club (2)]
  1817 | D:2      | HP: 21/45 [gnoll/club (6)]
  1924 | D:3      | HP: 18/45 [adder (2)]
  1929 | D:3      | HP: 16/45 [adder (2)]
  1980 | D:3      | Reached skill level 1 in Axes
  1980 | D:3      | Reached XP level 6. HP: 16/55 MP: 6/8
  1984 | D:3      | HP: 13/55 [gnoll/enchanted whip (3)]
  2089 | D:3      | Found an ancient bone altar of Kikubaaqudgha.
  2242 | D:3      | HP: 19/55 [frilled lizard (1)]
  2254 | D:3      | HP: 18/55 [leopard gecko (1)]
  2325 | D:3      | Noticed Tovarisch's ghost (amateur MiBe)
  2346 | D:3      | HP: 18/55 [Tovarisch's ghost (8)]
  2399 | D:4      | HP: 16/55 [scorpion (2)]
  2406 | D:4      | Reached skill level 5 in Crossbows
  2444 | D:4      | HP: 15/55 [adder (1)]
  2460 | D:4      | HP: 15/55 [something (3)]
  2478 | D:4      | HP: 11/55 [worker ant (4)]
  2513 | D:4      | HP: 15/55 [orc (2)]
  2564 | D:4      | HP: 13/55 [orc/tomahawk (2)]
  2577 | D:4      | HP: 14/55 [gnoll/club (3)]
  2601 | D:4      | HP: 13/55 [gnoll (1)]
  2616 | D:4      | Reached XP level 7. HP: 15/61 MP: 8/10
  2617 | D:4      | HP: 4/61 [orc priest/divine providence (11)]
  2619 | D:4      | Slain by an orc priest

Skill      XL: |  1  2  3  4  5  6 |
---------------+-------------------+-----
Fighting       | 1 2 |  2.8
Crossbows      | 3 4 5 |  5.4
Dodging        | 3 |  3.4
Invocations    | 1 2 4 |  4.1
Axes           | 1 2 |  2.5
Spellcasting   | |  1.0
Hexes          | |  2.4

Action                   |  1- 3 |  4- 6 |  7- 9 || total
-------------------------+-------+-------+-------++-------
Melee: Unarmed           |     4 |       |       ||     4
       Dagger            |   102 |    50 |       ||   152
       War axe           |       |   100 |       ||   100
 Fire: Hand crossbow     |    48 |    84 |     3 ||   135
 Cast: Corona            |     1 |       |       ||     1
Invok: Lesser Healing    |       |    11 |       ||    11
  Use: Scroll            |       |    11 |       ||    11
  Eat: Chunk             |     1 |     6 |       ||     7
Armor: Robe              |     6 |       |       ||     6
       Scale mail        |    27 |    59 |       ||    86
       Ring mail         |    36 |    32 |       ||    68
Dodge: Dodged            |   111 |   118 |     1 ||   230

Vault maps used:
D:1:      evilmike_arrival_plus
D:2:      chequers_ecumenical_altar_grove, uniq_terence
D:3:      overflow_temple_1_default, cheibrodos_gnoll_hut
D:4:      uniq_blork_the_orc
